 Dungeon Crawl Stone Soup version 0.27-a0-871-g6d840cc (webtiles) character file.

Game seed: 1913293362031631257

407 Nithhogg the Slasher (level 6, -1/51 HPs)
             Began as a Barachi Fighter on Apr 2, 2021.
             Succumbed to a kobold's poison
             ... on level 4 of the Dungeon.
             The game lasted 00:08:20 (4215 turns).

Nithhogg the Slasher (Barachi Fighter)              Turns: 4215, Time: 00:08:21

Health: -1/51      AC: 10    Str: 19    XL:     6   Next: 88%
Magic:  6/6        EV: 11    Int:  8    God:
Gold:   99         SH:  0    Dex: 14    Spells: 5/5 levels left

rFire    . . .     SeeInvis .   d - +1 triple sword (elec)
rCold    . . .     Faith    .   (shield currently unavailable)
rNeg     . . .     Spirit   .   b - +0 scale mail
rPois    .         Reflect  .   (no helmet)
rElec    .         Harm     .   l - +0 cloak
rCorr    .         Rampage  .   f - +1 pair of gloves
Will     .....                  (no boots)
Stlth    ..........             (no amulet)
HPRegen  0.17/turn              (no ring)
MPRegen  0.10/turn              (no ring)

@: lethally poisoned (-1 -> -14), unable to read, can't hop, flying, slow
A: +LOS, amphibious, slowness 1, strong legs 1, talons 1, agile 1, inability to
read while threatened
a: Hop


You were on level 4 of the Dungeon.
You visited 1 branch of the dungeon, and saw 4 of its levels.

You collected 99 gold pieces.

Inventory:

Hand Weapons
 a - a +0 long sword
 d - a +1 triple sword of electrocution (weapon)
Missiles
 n - a boomerang of dispersal (quivered)
Armour
 b - a +0 scale mail (worn)
 c - a +0 kite shield
 f - a +1 pair of gloves (worn)
 l - a +0 cloak (worn)
Jewellery
 j - a ring of wizardry
Scrolls
 h - a scroll of magic mapping
Potions
 i - a potion of ambrosia {unknown}
 p - a potion of berserk rage {unknown}
 s - a potion of mutation


   Skills:
 + Level 5.1 Fighting
 * Level 5.7 Long Blades
 + Level 5.1 Armour
 + Level 3.0 Dodging
 - Level 3.2 Shields


You had 5 spell levels left.
You didn't know any spells.
Your spell library contained the following spells:

 Spells                   Type           Power      Damage    Failure   Level
 Animate Skeleton         Necr           0%         N/A       77%         1
 Apportation              Tloc           0%         N/A       77%         1
 Corona                   Hex            0%         N/A       77%         1
 Magic Dart               Conj           0%         1d3       77%         1
 Summon Small Mammal      Summ           0%         N/A       77%         1
 Blink                    Tloc           N/A        N/A       88%         2
 Call Imp                 Summ           0%         N/A       88%         2
 Slow                     Hex            0%         N/A       88%         2
 Confusing Touch          Hex            0%         N/A       98%         3
 Conjure Flame            Conj/Fire      0%         6-21      98%         3
 Gell's Gravitas          Tloc           0%         N/A       98%         3
 Mephitic Cloud           Conj/Pois/Air  0%         N/A       98%         3
 Petrify                  Tmut/Erth      0%         N/A       100%        4
 Metabolic Englaciation   Hex/Ice        0%         N/A       100%        5
 Yara's Violent Unravell  Hex/Tmut       0%         3d3       100%        5


Dungeon Overview and Level Annotations

Branches:
Dungeon (4/15)
 Temple: D:4-7

Altars:

Shops:
D:3 =?*

Annotations:
D:3 shops


Innate Abilities, Weirdness & Mutations

You can be seen from farther away. (+LOS)
You are amphibious.
You cover ground slowly.
You can hop short distances.
You have sharp toenails.
You are agile. (Dex +2)
You sometimes lose the ability to read scrolls when taking damage.


Message History

An orc priest comes into view.
It is wielding a +0 dagger and carrying a wand of acid (4).
You barely miss the orc.
The orc priest shouts!
Your kick misses the orc.
You feel sick.
You are no longer poisoned.
The orc barely misses you. The orc misses you.
The orc hits you but does no damage. The orc hits you with a +0 hand axe.
You closely miss the orc. You claw the orc, but do no damage.
You can read scrolls again.
The orc barely misses you.
The orc priest looks satisfied for a moment.
The orc misses you. The orc hits you but does no damage.
The orc hits you from afar with a +0 trident.
You feel threatened and lose the ability to read scrolls!
You slice the orc!! Lightning courses through the orc!
You kill the orc!
The orc priest invokes the aid of Beogh against you.
Pain shoots through your body! The orc hits you but does no damage.
You are too injured to fight recklessly!
The orc hits you from afar with a +0 trident.
* * * LOW HITPOINT WARNING * * *
Hop to where?
Press: ? - help, Dir - move target Boing!
The kobold throws a poisoned dart.
The poisoned dart hits you!
You are poisoned.
The kobold throws a poisoned dart.
The poisoned dart hits you!
You are lethally poisoned!
* * * LOW HITPOINT WARNING * * *
You feel very sick.
The orc priest casts a cantrip, but nothing happens.
The kobold throws a poisoned dart.
The poisoned dart hits you.
You are more poisoned.
Okay, then.
* * * LOW HITPOINT WARNING * * *
You feel very sick.
It was a potion of flight.
You feel very buoyant.
You fly up into the air.
You die...

##. #....... .... .## #..
#...##.. ..... ...###.#
###..##### ..... #..#..#
###....##### ..........#
#....###(..##..#..#
..........#####.........###....#
....!......#.................#.+
....................).......<.##
............###@....<.........##
.............#.......######....#
................>...## ###...
...........o.........# ###..#
.......).K.........#...####...##
...............†...##.........#.
...................##..######...
...................##..# ##..
....................##.# ##...


You could see an orc and a kobold.

Vanquished Creatures
  An ogre (D:4)
  A scorpion (D:4)
  A hound (D:4)
  A centaur skeleton (D:4)
  Natasha (twice) (D:3)
  An iguana (D:4)
  4 gnolls (D:2)
  2 adders (D:4)
  A worm (D:3)
  A dart slug (D:1)
  7 orcs
  5 ball pythons
  6 bats
  3 endoplasms
  7 giant cockroaches
  6 goblins
  8 hobgoblins
  5 jackals
  2 quokkas (D:1)
  2 frilled lizards
  4 kobolds
  5 rats
75 creatures vanquished.

Vanquished Creatures (others)
  5 withered plants (D:2)
5 creatures vanquished.

Grand Total: 80 creatures vanquished

Notes
Turn   | Place    | Note
-------+----------+-------------------------------------------
     0 | D:1      | Nithhogg the Barachi Fighter began the quest for the Orb.
     0 | D:1      | Reached XP level 1. HP: 18/18 MP: 1/1
    37 | D:1      | You fall into a shaft and drop 1 floor!
    65 | D:1      | Reached XP level 2. HP: 17/25 MP: 2/2
   581 | D:1      | Reached skill level 1 in Dodging
   590 | D:1      | Reached XP level 3. HP: 29/30 MP: 3/3
  1151 | D:2      | Found a faded altar of an unknown god.
  1305 | D:2      | Reached XP level 4. HP: 15/37 MP: 4/4
  2062 | D:3      | Found Kuedgh's Assorted Antiques.
  2289 | D:3      | Noticed Natasha
  2290 | D:3      | Found Foamun's Jewellery Boutique.
  2300 | D:3      | Killed Natasha
  2301 | D:3      | Reached XP level 5. HP: 42/43 MP: 5/5
  2607 | D:3      | Found Vudeen's Magic Scroll Shop.
  2932 | D:3      | Noticed Natasha
  2949 | D:3      | Killed Natasha
  3378 | D:4      | Noticed an ogre
  3659 | D:4      | HP: 2/43 [ogre/+0 giant spiked club (27)]
  3660 | D:4      | Gained mutation: You have sharp toenails. [potion of
                  | mutation]
  3660 | D:4      | Gained mutation: You sometimes lose the ability to read
                  | scrolls when taking damage. [potion of mutation]
  3660 | D:4      | Gained mutation: You are agile. (Dex +2) [potion of
                  | mutation]
  3952 | D:3      | Identified a scroll of acquirement
  3952 | D:3      | Acquired a +1 triple sword of electrocution
  3988 | D:4      | Killed an ogre
  3989 | D:4      | Reached skill level 5 in Long Blades
  3989 | D:4      | Reached XP level 6. HP: 18/50 MP: 6/6
  4203 | D:4      | Reached skill level 5 in Fighting
  4203 | D:4      | Reached skill level 5 in Armour
  4214 | D:4      | HP: 2/51 [poisoned by a kobold]
  4215 | D:4      | Succumbed to a kobold's poison

Illustrated notes

Levels and vault maps discovered:
D:1:      lightli_arrival_boilingwater, layout_loops_ring, solitary_fountain,
          chequers_serial_rivers_large_b, chequers_serial_rivers_micro_b,
          chequers_serial_rivers_micro_c, minivault_24
D:2:      layout_loops_ring, shapermc_ecumenical_altar_flowoftime
D:3:      layout_basic, serial_shops, nicolae_shop_window_shopping, shop, shop,
          minivault_27, uniq_natasha
D:4:      layout_layer_cave, minmay_temple_entry_hall, lemuel_old_faithful,
          uniq_robin, uniq_blork_the_orc

Skill      XL: |  1  2  3  4  5  6 |
---------------+-------------------+-----
Long Blades    | 3 4 5 |  5.7
Dodging        | 1 2 3 |  3.0
Fighting       | 4 5 |  5.1
Armour         | 4 5 |  5.1
Shields        | |  3.2

Action                   |  1- 3 |  4- 6 || total
-------------------------+-------+-------++-------
Melee: Long sword        |   109 |   102 ||   211
       Triple sword      |       |    11 ||    11
       Kick              |       |     4 ||     4
Throw: Boomerang         |       |     2 ||     2
 Abil: Hop               |       |     3 ||     3
  Use: Potion            |     1 |     4 ||     5
       Scroll            |       |     6 ||     6
Armor: Scale mail        |    56 |    82 ||   138
Dodge: Dodged            |    58 |    96 ||   154
       Rpst.: Long sword |    16 |    32 ||    48
       Triple sword      |       |     4 ||     4

Table legend: (Time is in decaauts)
 A = Elapsed time spent in this place.
 B = Non-inter-level travel time spent in this place.
 C = Inter-level travel time spent in this place.
 D = Time resting spent in this place.
 E = Time spent auto-exploring this place.
 F = Levels seen in this place.
 G = Mean time per level.
                   A        B        C        D        E       F      G
               +--------+--------+--------+--------+--------+-----+--------+
         Total |   4712 |   4596 |    116 |    950 |   2900 |   4 | 1178.0 |
       Dungeon |   4712 |   4596 |    116 |    950 |   2900 |   4 | 1178.0 |
               +--------+--------+--------+--------+--------+-----+--------+

Top non-repeatable levels by time:
     D:3: 1758 daAuts
     D:2: 1341 daAuts
     D:1: 950 daAuts
     D:4: 662 daAuts
